 Dungeon Crawl Stone Soup version 0.25-a0-603-g0321be95db (webtiles) character file.

Game seed: 6729457197882589998, levelgen mode: deterministic

58 GenChuck the Sneak (level 3, -2/27 HPs)
             Began as a Vampire Assassin on Mar 15, 2020.
             Slain by an adder (4 damage)
             ... on level 2 of the Dungeon on Mar 16, 2020.
             The game lasted 00:14:29 (1406 turns).

GenChuck the Sneak (Vampire Assassin)               Turns: 1406, Time: 00:14:30

Health: -2/27      AC:  3    Str: 11    XL:     3   Next: 76%
Magic:  3/3        EV: 12    Int: 15    God:
Gold:   108        SH:  0    Dex: 12    Spells: 2/2 levels left

rFire    . . .     SeeInvis +   a - +3 dagger
rCold    . . .     Gourm    .   (no shield)
rNeg     . . .     Faith    .   b - +0 robe
rPois    .         Spirit   .   (no helmet)
rElec    .         Reflect  .   c - +0 cloak
rCorr    .         Harm     .   (no gloves)
MR       .....                  (no boots)
Stlth    +++.......             (no amulet)
HPRegen  0.29/turn              i - +2 ring of intelligence
MPRegen  0.08/turn              j - -3 ring of dexterity

@: lethally poisoned (-2 -> -6), regenerating quickly
A: no food, fangs 3, see invisible, unbreathing
a: Exsanguinate


You were on level 2 of the Dungeon.
You were alive.

You visited 1 branch of the dungeon, and saw 2 of its levels.

You collected 108 gold pieces.

Inventory:

Hand Weapons
 a - a +3 dagger (weapon)
Missiles
 d - 37 poisoned darts (quivered)
 e - 2 curare-tipped darts
Armour
 b - a +0 robe (worn)
 c - a +0 cloak (worn)
Jewellery
 i - a +2 ring of intelligence (left hand)
 j - a -3 ring of dexterity (right hand)
 o - an uncursed ring of ice {unknown}
Scrolls
 n - a scroll of amnesia {unknown}
 p - a scroll of teleportation {unknown}
Potions
 f - a potion of flight {unknown}
 g - 2 potions of ambrosia {unknown}
 h - 3 potions of curing {unknown}
 l - a potion of heal wounds {unknown}


   Skills:
 - Level 1.7 Fighting
 * Level 4.3 Short Blades
 - Level 1.5 Throwing
 + Level 1.9 Dodging
 - Level 5.8 Stealth


You had 2 spell levels left.
You didn't know any spells.
Your spell library was empty.

Dungeon Overview and Level Annotations

Branches:
Dungeon (2/15)

Altars:
Dithmenos


Innate Abilities, Weirdness & Mutations

You do not eat.
Your natural rate of healing is unusually fast.
You have razor-sharp teeth.
You have supernaturally acute eyesight. (SInv)
You can survive without breathing.


Message History

You hit the adder.
The adder is severely wounded.
You feel sick. The adder bites you.
* * * LOW HITPOINT WARNING * * *
You hit the adder.
The adder is severely wounded.
The adder barely misses you.
As you read the scroll labeled USHRAKL ASUAXI, it crumbles to dust.
You feel as if something is helping you.
It was a scroll of remove curse.
You feel sick. The adder bites you.
* * * LOW HITPOINT WARNING * * *
You are lethally poisoned!
The adder poisons you!
As you read the scroll labeled LOEDUUGOJE, it crumbles to dust.
The scroll dissolves into smoke.
It was a scroll of fog.
* * * LOW HITPOINT WARNING * * *
You feel sick. The adder closely misses you.
* * * LOW HITPOINT WARNING * * *
You feel sick. The adder bites you.
You die...

#...###.###§§#§ #........#
#............# . #........#
#..........).#. ..
#...g....## #.##)†...†.....
.. #.....?...
#.###...<)..... ..
#........#####.###...#######
..
#...........................
..
#..(....######.####........#
..
#..?....§§S@§§...##.....##.#
..
#.......§#####.#.##.....##.#
.( ########...
..#.##.>...##.. ..
###.#.###.#..)......# $. ?#.
#.........#.# ##
#...#.........#.#
#.............#.#
#.......#+#####.#
#.....#.#.### #.#


You could see an adder.

Vanquished Creatures
  2 adders (D:2)
  A dart slug (D:1)
  A leopard gecko (D:1)
  8 hobgoblins
  5 jackals (D:2)
  3 kobolds
  A ball python (D:1)
  5 bats (D:1)
  2 frilled lizards (D:2)
  4 goblins
  3 rats
35 creatures vanquished.

Notes
Turn   | Place    | Note
-------+----------+-------------------------------------------
     0 | D:1      | GenChuck the Vampire Assassin began the quest for the Orb.
     0 | D:1      | Reached XP level 1. HP: 16/16 MP: 1/1
   321 | D:1      | Reached XP level 2. HP: 22/22 MP: 2/2
  1059 | D:2      | Reached XP level 3. HP: 23/27 MP: 3/3
  1065 | D:2      | Upgraded the game from 0.25-a0-597-gb30770a0c0 to
                  | 0.25-a0-603-g0321be95db
  1139 | D:2      | Found a shadowy altar of Dithmenos.
  1406 | D:2      | Slain by an adder

Levels and vault maps discovered:
D:1:      ncdulo_halloftheorcs, layout_loops_ring
D:2:      layout_basic, grunt_dithmenos_smoke_and_mirrors

Skill      XL: |  1  2  3 |
---------------+----------+-----
Short Blades   | 3 4 |  4.3
Fighting       | |  1.7
Throwing       | |  1.5
Dodging        | |  1.9
Stealth        | |  5.8

Action                   || total
-------------------------++-------
Melee: Dagger            ||   122
       Bite              ||     9
Throw: Dart              ||     5
  Use: Scroll            ||     4
 Stab: Sleeping          ||     9
Armor: Robe              ||    20
Dodge: Dodged            ||    73

Table legend:
 A = Non-vault XP
 B = Vault XP
 C = Vault XP percentage of total XP
 D = Non-vault monster count
 E = Vault monster count
 F = Vault count percentage of total count
                 A         B        C        D         E       F
            +---------+---------+-------+---------+---------+-------
      Total |      84 |       0 |   0.0 |      35 |       0 |   0.0
            +---------+---------+-------+---------+---------+-------
        D:1 |      34 |       0 |   0.0 |      19 |       0 |   0.0
        D:2 |      50 |       0 |   0.0 |      16 |       0 |   0.0
            +---------+---------+-------+---------+---------+-------
